 Dungeon Crawl Stone Soup version 0.25-a0-516-g7d600cd (webtiles) character file.

Game seed: 6456194382082212381, levelgen mode: deterministic

83 Crocosaw the Skirmisher (level 4, 0/42 HPs)
             Began as a Gnoll Wanderer on Feb 17, 2020.
             Was an Initiate of Okawaru.
             Succumbed to an adder's poison
             ... on level 2 of the Dungeon.
             The game lasted 00:04:31 (1402 turns).

Crocosaw the Skirmisher (Gnoll Wanderer)            Turns: 1402, Time: 00:04:32

Health: 0/42       AC:  9    Str: 19    XL:     4   Next: 44%
Magic:  5/5        EV:  8    Int:  9    God:    Okawaru [......]
Gold:   85         SH:  9    Dex: 14    Spells: 5/5 levels left

rFire    + . .     SeeInvis .   a - +0 mace
rCold    . . .     Gourm    .   c - +0 kite shield
rNeg     . . .     Faith    .   b - +0 ring mail
rPois    .         Spirit   .   (no helmet)
rElec    .         Reflect  .   (no cloak)
rCorr    .         Harm     .   (no gloves)
MR       .....                  (no boots)
Stlth    +.........             (no amulet)
HPRegen  0.14/turn              (no ring)
MPRegen  0.09/turn              (no ring)

@: lethally poisoned (0 -> -2), very slightly contaminated
A: distributed training, fangs 1, molten scales 1, rugged brown scales 1, dopey
1, fire resistance 1, strong nose
a: Renounce Religion


You were on level 2 of the Dungeon.
You worshipped Okawaru.
Okawaru was noncommittal.
You were hungry.

You visited 1 branch of the dungeon, and saw 2 of its levels.

You collected 85 gold pieces.

Inventory:

Hand Weapons
 a - a +0 mace (weapon)
Missiles
 i - 11 poisoned darts (quivered)
Armour
 b - a +0 ring mail (worn)
 c - a +0 kite shield (worn)
Wands
 n - a wand of polymorph (11)
Scrolls
 e - a scroll of remove curse
 h - a scroll of identify
Comestibles
 d - 2 rations


   Skills:
 + Level 6.6 Fighting
 + Level 1.1 Short Blades
 + Level 1.1 Long Blades
 + Level 1.1 Axes
 + Level 4.6 Maces & Flails
 + Level 1.1 Polearms
 + Level 1.1 Staves
 + Level 1.1 Slings
 + Level 2.7 Bows
 + Level 1.1 Crossbows
 + Level 1.1 Throwing
 + Level 4.6 Armour
 + Level 1.1 Dodging
 + Level 2.5 Stealth
 + Level 2.7 Shields
 + Level 1.1 Unarmed Combat
 + Level 1.1 Spellcasting
 + Level 0.8 Conjurations
 + Level 0.8 Hexes
 + Level 0.8 Charms
 + Level 0.8 Summonings
 + Level 0.8 Necromancy
 + Level 0.8 Translocations
 + Level 0.8 Transmutations
 + Level 0.8 Fire Magic
 + Level 0.8 Ice Magic
 + Level 0.8 Air Magic
 + Level 0.8 Earth Magic
 + Level 0.8 Poison Magic
 + Level 1.2 Invocations
 + Level 1.1 Evocations


You had 5 spell levels left.
You didn't know any spells.
Your spell library was empty.

Dungeon Overview and Level Annotations

Branches:
Dungeon (2/15)

Altars:
Okawaru


Innate Abilities, Weirdness & Mutations

Your experience applies equally to all skills.
You have very sharp teeth.
Your uncanny sense of smell can sniff out nearby items.
You are partially covered in molten scales. (AC +2)
You are partially covered in rugged brown scales. (AC +1, +3% HP)
You are dopey. (Int -2)
Your flesh is heat resistant. (rF+)


Message History

You feel sick.
* * * LOW HITPOINT WARNING * * *
You feel sick.
It was a potion of mutation.
You feel extremely strange.
Molten scales grow over part of your body.
You feel stupid.
Rugged brown scales grow over part of your body.
You feel resistant to heat.
* * * LOW HITPOINT WARNING * * *
You feel sick.
There is an open door here.
* * * LOW HITPOINT WARNING * * *
You feel sick.
* * * LOW HITPOINT WARNING * * *
You feel sick.
You aren't carrying any potions.
* * * LOW HITPOINT WARNING * * *
You feel sick.
There is an open door here.
You die...

.# #..####.# #.........#
.# #.......# ##.#.####.#
## ##.###### #.#.## #.#
##+## #.#..# #.# ##...##
#.##.###.# # ##.....##
#....รท...# ##
##.......## ##.##.#####
.####.........####...#.#
....'.........S.@......#
.####.........####...#.#
## ##.......## ##....# #
##.....## #.#### ##...##
#.# ##'## #.# ###.###
#.# #.....#######.#
#.............#


You could see an adder.

Vanquished Creatures
  Jessica (D:2)
  A gnoll (D:2)
  An adder (D:2)
  A leopard gecko (D:2)
  5 bats
  2 giant cockroaches
  6 goblins
  5 hobgoblins
  3 jackals (D:1)
  3 kobolds
  2 quokkas (D:2)
  A frilled lizard (D:1)
  A rat (D:2)
32 creatures vanquished.

Notes
Turn   | Place    | Note
-------+----------+-------------------------------------------
     0 | D:1      | Crocosaw the Gnoll Wanderer began the quest for the Orb.
     0 | D:1      | Crocosaw set off with the following items: a +0 mace, a +0
                  | ring mail, a +0 kite shield, a ration
     0 | D:1      | Reached XP level 1. HP: 23/23 MP: 1/1
    80 | D:1      | Reached XP level 2. HP: 25/29 MP: 2/2
   609 | D:2      | Reached XP level 3. HP: 35/35 MP: 3/3
   718 | D:2      | Noticed Jessica
   721 | D:2      | Killed Jessica
   721 | D:2      | Reached skill level 1 in Invocations
   760 | D:2      | Reached skill level 1 in Short Blades
   760 | D:2      | Reached skill level 1 in Long Blades
   760 | D:2      | Reached skill level 1 in Axes
   760 | D:2      | Reached skill level 1 in Polearms
   760 | D:2      | Reached skill level 1 in Staves
   760 | D:2      | Reached skill level 1 in Slings
   760 | D:2      | Reached skill level 1 in Crossbows
   760 | D:2      | Reached skill level 1 in Throwing
   760 | D:2      | Reached skill level 1 in Dodging
   760 | D:2      | Reached skill level 1 in Unarmed Combat
   760 | D:2      | Reached skill level 1 in Spellcasting
   760 | D:2      | Reached skill level 1 in Evocations
   875 | D:2      | Reached XP level 4. HP: 41/41 MP: 5/5
  1239 | D:2      | Found an iron altar of Okawaru.
  1252 | D:2      | Became a worshipper of Warmaster Okawaru
  1389 | D:2      | Gained mutation: You are partially covered in molten
                  | scales. (AC +2) [potion of mutation]
  1389 | D:2      | Gained mutation: You are dopey. (Int -2) [potion of
                  | mutation]
  1389 | D:2      | Gained mutation: You are partially covered in rugged brown
                  | scales. (AC +1, +3% HP) [potion of mutation]
  1389 | D:2      | Gained mutation: Your flesh is heat resistant. (rF+)
                  | [potion of mutation]
  1390 | D:2      | HP: 2/42 [poisoned by an adder]
  1395 | D:2      | HP: 1/42 [poisoned by an adder]
  1402 | D:2      | Succumbed to an adder's poison

Levels and vault maps discovered:
D:1:      heliophobic_arrival_battle_scene, layout_basic
D:2:      layout_loops_corners, lemuel_coloured_pillars_altar, uniq_jessica

Skill      XL: |  1  2  3 |
---------------+----------+-----
Invocations    | 1 |  1.2
Short Blades   | 1 |  1.1
Long Blades    | 1 |  1.1
Axes           | 1 |  1.1
Polearms       | 1 |  1.1
Staves         | 1 |  1.1
Slings         | 1 |  1.1
Crossbows      | 1 |  1.1
Throwing       | 1 |  1.1
Dodging        | 1 |  1.1
Unarmed Combat | 1 |  1.1
Spellcasting   | 1 |  1.1
Evocations     | 1 |  1.1
Fighting       | |  6.6
Maces & Flails | |  4.6
Bows           | |  2.7
Armour         | |  4.6
Stealth        | |  2.5
Shields        | |  2.7
Conjurations   | |  0.8
Hexes          | |  0.8
Charms         | |  0.8
Summonings     | |  0.8
Necromancy     | |  0.8
Translocations | |  0.8
Transmutations | |  0.8
Fire Magic     | |  0.8
Ice Magic      | |  0.8
Air Magic      | |  0.8
Earth Magic    | |  0.8
Poison Magic   | |  0.8

Action                   |  1- 3 |  4- 6 || total
-------------------------+-------+-------++-------
Melee: Mace              |    76 |    34 ||   110
       Bite              |     8 |     2 ||    10
Throw: Dart              |     1 |       ||     1
  Use: Potion            |       |     4 ||     4
       Scroll            |       |     3 ||     3
 Stab: Sleeping          |     2 |       ||     2
       Distracted        |       |     1 ||     1
  Eat: Chunk             |       |     1 ||     1
Armor: Ring mail         |    35 |    14 ||    49
Dodge: Dodged            |    24 |    22 ||    46
Block: Kite shield       |    47 |    33 ||    80

Table legend:
 A = Non-vault XP
 B = Vault XP
 C = Vault XP percentage of total XP
 D = Non-vault monster count
 E = Vault monster count
 F = Vault count percentage of total count
                 A         B        C        D         E       F
            +---------+---------+-------+---------+---------+-------
      Total |      82 |      37 |  31.1 |      31 |       1 |   3.1
            +---------+---------+-------+---------+---------+-------
        D:1 |      30 |       0 |   0.0 |      16 |       0 |   0.0
        D:2 |      52 |      37 |  41.6 |      15 |       1 |   6.2
            +---------+---------+-------+---------+---------+-------
